 Dungeon Crawl Stone Soup version 0.31-a0-1291-g5386780bc2 (webtiles) character file.

Game seed: 8604248095502525978

7135 Amplified the Protected (level 10, 0/88 HPs)
             Began as a Demigod Fighter on Dec 18, 2023.
             Succumbed to a killer bee's poison
             ... on level 9 of the Dungeon.
             The game lasted 00:13:53 (10889 turns).

Amplified the Protected (Demigod Fighter)          Turns: 10889, Time: 00:13:54

Health: 0/88       AC:  9    Str: 17    XL:     10   Next: 55%
Magic:  13/14      EV: 12    Int: 22    God:
Gold:   250        SH:  5    Dex: 13    Spells: 8/9 levels left

rFire   + . .        u - +3 flail (vamp)
rCold   + + .        c - +0 buckler
rNeg    . . .        e - +1 ring mail {rC+}
rPois   .            a - +0 hat
rElec   .            g - scarf {rC+ rF+}
rCorr   .            (no gloves)
SInv    .            j - +0 pair of boots
Will    +....        (no amulet)
Stlth   +            m - ring of protection from cold
HPRegen 0.34/turn    (no ring)
MPRegen 0.14/turn

%: no passive effects
@: lethally poisoned (0 -> -6), hasted, very quick
A: high MP 2, forlorn, divine attributes, teleportitis 1, cold vulnerability 1
a: no special abilities


You were on level 9 of the Dungeon.
You visited 1 branch of the dungeon, and saw 10 of its levels.

You collected 373 gold pieces.
You spent 123 gold pieces at shops.

Inventory:

Hand Weapons
 u - a +3 vampiric flail (weapon)
 w - a +0 flail of draining
Missiles
 i - 7 poisoned darts (quivered)
Armour
 a - a +0 hat (worn)
 b - a +0 scale mail
 c - a +0 buckler (worn)
 e - a +1 ring mail of cold resistance (worn)
 g - a scarf of resistance (worn)
 j - a +0 pair of boots (worn)
Jewellery
 m - a ring of protection from cold (left hand)
Wands
 l - a wand of flame (5)
 v - a wand of digging (3)
Scrolls
 d - a scroll of immolation
 f - a scroll of fog
 n - 3 scrolls of silence
 o - a scroll of vulnerability
 r - a scroll of identify
 t - a scroll of brand weapon
Potions
 h - a potion of ambrosia
 p - a potion of brilliance
 s - a potion of attraction


   Skills:
 + Level 8.2 Fighting
 + Level 7.9 Maces & Flails
 + Level 8.2 Armour
 + Level 6.0 Dodging
 - Level 5.3 Shields


You had 8 spell levels left.
You knew the following spells:

 Your Spells              Type           Power      Damage    Failure   Level
a - Apportation           Tloc           0%         N/A       34%         1

Your spell library contained the following spells:

 Spells                   Type           Power      Damage    Failure   Level
 Necrotise                Necr           0%         1d4       34%         1
 Summon Small Mammal      Summ           0%         N/A       34%         1


Dungeon Overview and Level Annotations

Branches:
Dungeon (10/15)            Temple (0/1) D:7            Lair (0/5) D:9
    Orc (0/2) D:10

Shops:
D:2 (   D:5 **   D:7 *

Annotations:
D:9 OOD in D:7


Innate Abilities, Weirdness & Mutations

You have a considerably increased reservoir of magic. (+20% MP)
You shall have no god before yourself.
Your divine heritage dramatically boosts your attributes as you level up.
You are occasionally teleported next to monsters.
You are vulnerable to cold. (rC-)


Message History

Okay, then.
Okay, then.
Okay, then.
It was a potion of mutation.
You feel extremely strange.
You feel more energetic.
You feel vulnerable to cold.
You feel weirdly uncertain.
The killer bee stings you but does no damage.
The orc wizard gestures wildly while chanting.
The orc wizard flickers and vanishes!
Deactivating autopickup; reactivate with Ctrl-A.
You hear an angry buzzing noise.
Unknown command.
Unknown command.
Okay, then.
Okay, then.
Sorry, you're not good enough to have a special ability.
Unknown command.
Casting: Apportation (safe; 34% risk of failure)
Confirm with . or Enter, or press ? or * to list all spells.
Okay, then.
You hear a shout!
The killer bee attacks as it pursues you!
You block the killer bee's attack. The killer bee stings you.
* * * LOW HITPOINT WARNING * * *
You are lethally poisoned!
The killer bee poisons you!
The killer bee stings you but does no damage.
Unknown command.
Unknown command.
* * * LOW HITPOINT WARNING * * *
You feel sick. The killer bee completely misses you.
Unknown command.
Unknown command.
Unknown command.
* * * LOW HITPOINT WARNING * * *
You feel sick.
The killer bee attacks as it pursues you!
The killer bee barely misses you.
Unknown command.
You die...

##########...........# #..# #..
#.yy.{...$...........# #..# #..
#y.y.y.!.............####..####..
##########...........Y........D..
#............Y...D......
#...........####>.####.Y
#........y..# #..# #.Y
#........yy.# #..# #......@....#
#..# ............# #y.#
............# #..#
#..#######......y.. #. #.........
# ...... ...... ...


You could see 2 yaks and 3 killer bees.

Vanquished Creatures
  A centaur warrior (D:7)
  A two-headed ogre (D:10)
  A cyclops (D:7)
  A troll (D:10)
  Grinder (D:3)
  A wraith (D:10)
  8 yaks
  A wyvern (D:8)
  Eustachio (D:4)
  A basilisk (D:8)
  A golden eye (D:5)
  A steam dragon (D:10)
  A water moccasin (D:7)
  Duvessa (D:6)
  2 black bears
  An ice beast (D:8)
  4 orc warriors
  A sky beast (D:7)
  A centaur (D:8)
  A phantom (D:6)
  6 bullfrogs
  2 scorpions
  4 wights (D:7)
  Dowan (D:6)
  4 electric eels (D:6)
  4 howler monkeys
  5 jellies
  6 orc priests
  A sleepcap (D:7)
  6 hounds
  7 iguanas
  5 orc wizards
  8 adders
  A shadow imp (D:7)
  A white imp (D:7)
  A worm (D:5)
  3 dart slugs
  19 orcs
  7 ball pythons
  6 bats
  6 endoplasms
  10 giant cockroaches
  9 goblins
  10 hobgoblins
  8 kobolds
  3 quokkas
  6 frilled lizards
  5 rats
185 creatures vanquished.

Vanquished Creatures (others)
  A sky beast (D:8)
  A white imp (D:7)
2 creatures vanquished.

Grand Total: 187 creatures vanquished

Notes
Turn   | Place    | Note
-------+----------+-------------------------------------------
     0 | D:1      | Amplified the Demigod Fighter began the quest for the Orb.
     0 | D:1      | Reached XP level 1. HP: 18/18 MP: 3/3
   204 | D:1      | Reached XP level 2. HP: 13/25 MP: 4/4
   748 | D:1      | Reached XP level 3. HP: 28/30 MP: 5/5
  1386 | D:2      | Found Ithoew's Antique Weapon Shop.
  1828 | D:3      | Noticed a black bear
  1856 | D:3      | Killed a black bear
  1857 | D:3      | Reached XP level 4. HP: 12/38 MP: 6/6
  1857 | D:3      | Reached XP level 5. HP: 14/45 MP: 7/7
  2264 | D:3      | Noticed Grinder
  2264 | D:3      | Paralysed by Grinder for 3 turns
  2274 | D:3      | Killed Grinder
  2275 | D:3      | Reached XP level 6. HP: 35/52 MP: 8/8
  2787 | D:4      | Noticed Eustachio
  2801 | D:4      | Killed Eustachio
  3026 | D:4      | Reached XP level 7. HP: 24/60 MP: 9/9
  4061 | D:5      | Entered Level 5 of the Dungeon
  4573 | D:5      | Reached skill level 5 in Fighting
  4582 | D:5      | Reached skill level 5 in Armour
  4582 | D:5      | Reached skill level 5 in Shields
  4669 | D:5      | Noticed a hornet
  4670 | D:5      | a hornet changed into a golden eye
  4725 | D:5      | Reached XP level 8. HP: 27/68 MP: 10/10
  4935 | D:2      | Bought a glowing flail for 123 gold pieces
  5029 | D:5      | Found Xufy's General Store.
  5033 | D:5      | Found Heoto's Specific Store.
  5182 | D:5      | Learned a level 1 spell: Apportation
  5337 | D:6      | Noticed Sigmund
  5340 | D:6      | Sigmund changed into Sigmund the howler monkey
  5340 | D:6      | Noticed Sigmund
  5346 | D:6      | Killed Sigmund the howler monkey
  5399 | D:6      | Noticed Duvessa
  5399 | D:6      | Noticed Dowan
  5622 | D:7      | Reached skill level 5 in Maces & Flails
  5720 | D:7      | Reached skill level 1 in Dodging
  6270 | D:7      | Found a staircase to the Ecumenical Temple.
  6292 | D:7      | Found Qowan's General Store.
  6739 | D:8      | Reached XP level 9. HP: 55/75 MP: 11/11
  7756 | D:6      | Killed Duvessa
  7909 | D:6      | Killed Dowan
  7955 | D:6      | Identified the +0 ring mail of Cocytus {Int+5}
  8638 | D:7      | Noticed a cyclops
  8638 | D:7      | Noticed a centaur warrior
  8639 | D:7      | Noticed a brown ugly thing
  8647 | D:7      | Killed a centaur warrior
  8659 | D:7      | Killed a cyclops
  8659 | D:7      | Noticed a deep elf pyromancer
  8660 | D:7      | Reached skill level 5 in Dodging
  8660 | D:7      | Reached XP level 10. HP: 40/86 MP: 13/13
  9318 | D:9      | Found a staircase to the Lair.
  9562 | D:10     | Entered Level 10 of the Dungeon
  9880 | D:10     | Noticed a boulder beetle
 10486 | D:10     | Found a staircase to the Orcish Mines.
 10589 | D:10     | Noticed a two-headed ogre
 10602 | D:10     | Killed a two-headed ogre
 10885 | D:9      | Gained mutation: You have a considerably increased
                  | reservoir of magic. (+20% MP) [potion of mutation]
 10885 | D:9      | Gained mutation: You are vulnerable to cold. (rC-) [potion
                  | of mutation]
 10885 | D:9      | Gained mutation: You are occasionally teleported next to
                  | monsters. [potion of mutation]
 10886 | D:9      | HP: 4/88 [killer bee (1)]
 10888 | D:9      | HP: 1/88 [poisoned by a killer bee]
 10889 | D:9      | Succumbed to a killer bee's poison

Illustrated notes

Levels and vault maps discovered:
D:1:      dpeg_arrival_tiny_g, layout_basic, chequers_serial_rivers_small_b,
          minmay_worlds_worst_comb
D:2:      wad_pebble_path, layout_basic, serial_shops,
          nicolae_shop_back_alley_shop, serial_rivers,
          chequers_serial_rivers_marsh, chequers_serial_rivers_large_a,
          chequers_serial_rivers_room_a, chequers_serial_rivers_large_b,
          chequers_serial_rivers_micro_d, chequers_serial_rivers_micro_d
D:3:      layout_rooms, dreamdust_ecumenical_altar_sealed_demon,
          palyth_stone_intersect, uniq_grinder
D:4:      layout_loops_corners, general_overflow_altar, grunt_qazlal_clouds,
          mainiacjoe_overflow_alcove_3, minmay_ruptured, uniq_eustachio
D:5:      layout_cave_pools, nicolae_specific_store
D:6:      layout_layer_cave, serial_bayou_lagoon_b, uniq_sigmund, uniq_duvessa
D:7:      nzn_winding_woodlands_small [nzn_winding_woodlands_5x15_lazy_stream,
          nzn_winding_woodlands_center_lodge,
          nzn_winding_woodlands_5x15_longhouse], layout_loops_ring,
          minmay_temple_entry_butterflies, serial_shops,
          nicolae_shop_tiny_waterfront, kennysheep_generic_room_4
D:8:      layout_rooms, minmay_tree_intersection, dk_noncrumbling_4,
          lemuel_flamethrower_2
D:9:      layout_small_grid, david_lair_generic
D:10:     layout_loops_ring, mainiacjoe_overflow_small_starburst,
          nicolae_overflow_hallway_of_the_gods, david_orc_3, serial_shops,
          nicolae_shop_real_fake_doors

Skill      XL: |  1  2  3  4  5  6  7  8  9 10 |
---------------+-------------------------------+-----
Maces & Flails | 2 3 4 5 7 |  7.9
Fighting       | 3 4 5 6 7 8 |  8.2
Armour         | 3 4 5 6 7 8 |  8.2
Shields        | 3 4 5 |  5.3
Dodging        | 3 5 6 |  6.0

Action                     |  1- 3 |  4- 6 |  7- 9 | 10-12 || total
---------------------------+-------+-------+-------+-------++-------
  Melee: Flail             |    16 |       |   331 |   180 ||   527
         Dagger            |   139 |   105 |   167 |       ||   411
         Unarmed           |       |    11 |       |       ||    11
  Throw: Dart              |       |       |       |     2 ||     2
  Evoke: Wand              |       |       |    26 |     9 ||    35
    Use: Scroll            |     5 |     2 |    10 |     2 ||    19
         Potion            |     2 |     1 |    11 |     5 ||    19
 Armour: Scale mail        |   119 |    71 |   355 |       ||   545
         Skin              |       |     4 |       |       ||     4
         Ring mail         |       |       |    44 |   161 ||   205
  Dodge: Dodged            |   103 |    48 |   199 |    95 ||   445
  Block: Buckler           |    43 |    23 |   115 |    51 ||   232

Table legend: (Time is in decaauts)
 A = Elapsed time spent in this place.
 B = Non-inter-level travel time spent in this place.
 C = Inter-level travel time spent in this place.
 D = Time resting spent in this place.
 E = Time spent auto-exploring this place.
 F = Levels seen in this place.
 G = Mean time per level.
                   A        B        C        D        E       F      G
               +--------+--------+--------+--------+--------+-----+--------+
         Total |  10962 |  10474 |    488 |   2163 |   6097 |  10 | 1096.2 |
       Dungeon |  10962 |  10474 |    488 |   2163 |   6097 |  10 | 1096.2 |
               +--------+--------+--------+--------+--------+-----+--------+

Top non-repeatable levels by time:
     D:4: 1501 daAuts
     D:7: 1395 daAuts
    D:10: 1295 daAuts
     D:6: 1280 daAuts
     D:8: 1270 daAuts
     D:5: 1198 daAuts
     D:2: 1054 daAuts
     D:3: 848 daAuts
     D:1: 775 daAuts
     D:9: 342 daAuts
